 Dungeon Crawl Stone Soup version 0.18-a0 (webtiles) character file.

251 Ordine the Cudgeler (level 6, -2/63 HPs)
             Began as an Ogre Hunter on Oct 30, 2015.
             Slain by Pikel
             ... wielding a +2 whip of flaming
              (8 damage)
             ... on level 4 of the Dungeon.
             The game lasted 00:10:53 (5352 turns).

Ordine the Cudgeler (Ogre Hunter)                   Turns: 5352, Time: 00:10:53

Health: -2/63      AC:  6    Str: 25    XL:     6   Next: 13%
Magic:  6/6        EV: 10    Int: 10    God:
Gold:   184        SH:  0    Dex: 10    Spells: 0 memorised, 5 levels left

rFire  . . .     SeeInvis .     l - +0 mace
rCold  . . .     Clarity  .     d - +0 robe
rNeg   . . .     SustAt   .     (no shield)
rPois  .         Gourm    .     (helmet restricted)
rElec  .         Spirit   .     j - +2 cloak
rCorr  .         Warding  .     (gloves unavailable)
rMut   .         Stasis   .     (boots unavailable)
MR     .....                    (no amulet)
Stlth  +.........               (no ring)
                                (no ring)

@: mighty, flying, not resistant to hostile enchantments, very unstealthy
A: unfitting armour, tough skin 1
a: no special abilities


You were on level 4 of the Dungeon.
You were not hungry.

You visited 1 branch of the dungeon, and saw 4 of its levels.

You collected 184 gold pieces.

Inventory:

Hand Weapons
 l - a +0 mace (weapon)
Missiles
 b - a throwing net (quivered)
Armour
 d - a +0 robe (worn)
 j - a +2 cloak (worn)
Scrolls
 c - 7 scrolls of identify
 f - 2 scrolls of recharging
 h - a scroll of teleportation
 m - 2 scrolls of enchant armour
 o - a scroll of fog
Potions
 i - 3 potions of curing
Comestibles
 a - a chunk of flesh
 e - 3 bread rations
 k - a meat ration


   Skills:
 + Level 4.6 Fighting
 * Level 5.2 Maces & Flails
 + Level 4.8 Throwing
 - Level 2.0 Dodging
 - Level 1.0 Stealth


You had 5 spell levels left.
You didn't know any spells.

Dungeon Overview and Level Annotations

Branches:
Dungeon (4/15)
 Temple: D:4-7

Altars:
Sif Muna

Annotations:
D:1 flying
D:4 Pikel


Innate Abilities, Weirdness & Mutations

You are too large for most types of armour.
You have tough skin (AC +1).


Message History

* * * LOW HITPOINT WARNING * * *
Unknown command.
Drink which item? (? for menu, Esc to quit)
You feel better. The slave closely misses you.
Pikel hits you but does no damage.
You sock Pikel!
Pikel is almost dead.
The slave barely misses you. Pikel barely misses you.
You barely miss Pikel.
Pikel is almost dead.
The slave barely misses you. Pikel hits you with a whip of flaming.
* * * LOW HITPOINT WARNING * * *
Pikel burns you.
* * * LOW HITPOINT WARNING * * *
Unknown command.
Unknown command.
You barely miss Pikel.
Pikel is almost dead.
The slave barely misses you. Pikel hits you with a whip of flaming!
You die...

.##.# #)######.#.########.###.#.#
.##.###........#.###.......##...#
....)...########.##..♣...♣..#####
###.##### ##'#...........# #..##
##..#.....♣.....# ##.#.##
##...#..>.....<..# #>###.##
##....#.....♣.....#
###.#...####....p#...........#
...#.#.....+(..K@##..♣)..♣..##
..#####.####......##.......## ..#
#.# ##.......###.##.# ..## ##.#
##.....## #....# .!.###..#
##...## ####.# ###...### ##+##
#.### # ##.## #######.## #...# #
#.# #........# #...# # #.#
#.#####..# #...#


You could see Pikel and a slave.

Vanquished Creatures
  3 slaves (D:3)
  An orc wizard (D:4)
  A worker ant (D:4)
  3 gnolls (D:4)
  9 adders
  An ooze (D:4)
  2 worms (D:2)
  4 giant geckos
  8 orcs
  10 bats
  4 giant cockroaches
  5 goblins
  7 hobgoblins
  4 jackals (D:1)
  8 kobolds
  8 giant newts
  8 rats
86 creatures vanquished.

Notes
Turn   | Place    | Note
--------------------------------------------------------------
     0 | D:1      | Ordine the Ogre Hunter began the quest for the Orb.
     0 | D:1      | Reached XP level 1. HP: 22/22 MP: 1/1
    27 | D:1      | Reached skill level 1 in Stealth
   203 | D:1      | Reached XP level 2. HP: 14/29 MP: 2/2
  1055 | D:1      | Reached skill level 1 in Maces & Flails
  1433 | D:1      | Reached XP level 3. HP: 21/37 MP: 3/3
  2060 | D:2      | Reached XP level 4. HP: 26/45 MP: 4/4
  2779 | D:3      | Found a deep blue altar of Sif Muna.
  3173 | D:3      | Reached XP level 5. HP: 50/54 MP: 5/5
  4144 | D:4      | Got a crystal dagger
  4145 | D:4      | Identified the +12 dagger "Kuigy" {pierce, rPois rF- rN+ Stlth+} (You found it on level 4 of the Dungeon)
  4623 | D:4      | Reached skill level 5 in Maces & Flails
  4623 | D:4      | Reached XP level 6. HP: 45/63 MP: 6/6
  4816 | D:4      | Noticed a slave
  4816 | D:4      | Noticed a slave
  4816 | D:4      | Noticed a slave
  4816 | D:4      | Noticed a slave
  4817 | D:4      | Noticed Pikel
  4872 | D:3      | Killed a slave
  5065 | D:3      | Killed a slave
  5066 | D:3      | Killed a slave
  5352 | D:4      | Slain by Pikel

Vault maps used:
D:1:      minmay_arrival_floating_metal, kennysheep_another_room,
          serial_bayou_pond_c
D:2:      serial_forest, infiniplex_forest_straight_4,
          infiniplex_forest_corner_1, infiniplex_forest_clump_long,
          infiniplex_forest_straight_5, infiniplex_forest_clump_long
D:3:      lemuel_blue_sif_altar
D:4:      moated_statue, grunt_ministairs_10, uniq_pikel

Action                   |  1- 3 |  4- 6 || total
-------------------------+-------+-------++-------
Melee: Club              |   137 |    33 ||   170
       Short sword       |     3 |       ||     3
       Mace              |       |   174 ||   174
Throw: Large rock        |    12 |    21 ||    33
       Throwing net      |       |     1 ||     1
  Use: Scroll            |     5 |     9 ||    14
       Potion            |       |     3 ||     3
 Stab: Sleeping          |       |     1 ||     1
  Eat: Chunk             |     4 |    10 ||    14
